 Dungeon Crawl Stone Soup version 0.30-a0-722-g3e6e8c874d (webtiles) character file.

Game seed: 9348638584833591171

100 sircluck the Covered (level 4, -4/40 HPs)
             Began as a Minotaur Fighter on Jan 27, 2023.
             Killed by divine providence
             ... invoked by an orc priest
              (6 damage)
             ... on level 3 of the Dungeon.
             The game lasted 00:08:01 (2065 turns).

sircluck the Covered (Minotaur Fighter)             Turns: 2065, Time: 00:08:02

Health: -4/40      AC:  7    Str: 22    XL:     4   Next: 46%
Magic:  0/3        EV: 10    Int:  5    God:
Gold:   102        SH:  0    Dex: 16    Spells: 3/3 levels left

rFire   . . .      SeeInvis .    j - +3 trident
rCold   . . .      Faith    .    c - +0 buckler
rNeg    . . .      Spirit   +    b - +0 scale mail
rPois   .          Reflect  .    (helmet restricted)
rElec   .          Harm     .    (no cloak)
rCorr   .          Rampage  .    (no gloves)
Will    .....                    (no boots) Stlth
                                 h - amulet of guardian spirit
HPRegen 0.26/turn                n - +6 ring of dexterity
MPRegen 0.08/turn                (no ring)

@: confused, lethally poisoned (-4 -> -10), ambrosia-drunk
A: horns 2, retaliatory headbutt
a: no special abilities


You were on level 3 of the Dungeon.
You visited 1 branch of the dungeon, and saw 3 of its levels.

You collected 102 gold pieces.

Inventory:

Hand Weapons
 a - a +0 long sword
 j - a +3 trident (weapon)
Missiles
 o - 5 boomerangs (quivered)
 p - 3 poisoned darts
 u - 5 stones
 x - 3 javelins
Armour
 b - a +0 scale mail (worn)
 c - a +0 buckler (worn)
Jewellery
 h - an amulet of guardian spirit (around neck)
 n - a +6 ring of dexterity (left hand)
 s - a +4 ring of protection
Scrolls
 e - 2 scrolls of magic mapping {unknown}
 f - a scroll of teleportation {unknown}
 i - a scroll of brand weapon {unknown}
 m - a scroll of poison {unknown}
 q - 2 scrolls of fog {unknown}
 r - a scroll of identify {unknown}
 w - a scroll of noise {unknown}
 y - a scroll of amnesia {unknown}
Potions
 d - a potion of might
 g - a potion of attraction {unknown}
 l - a potion of berserk rage {unknown}
 t - a potion of curing {unknown}


   Skills:
 + Level 4.2 Fighting
 + Level 3.0 Long Blades
 + Level 1.5 Polearms
 + Level 4.5 Armour
 + Level 1.1 Dodging
 + Level 4.1 Shields


You had 3 spell levels left.
You didn't know any spells.
Your spell library was empty.

Dungeon Overview and Level Annotations

Branches:
Dungeon (3/15)

Altars:
Uskayaw

Shops:
D:1 *   D:2 [


Innate Abilities, Weirdness & Mutations

You have a pair of horns on your head.
You reflexively headbutt those who attack you in melee.


Message History

You are poisoned.
The orc closely misses you.
You closely miss the orc.
The orc is heavily wounded.
You feel very sick. You block the orc's attack. You block something's attack.
The orc hits you but does no damage. x2; The orc hits you with a +0 mace.
Something hits you but does no damage.
You are more poisoned.
You hit the orc.
You kill the orc!
You feel very sick. You block something's attack.
You closely miss the orc.
You feel very sick. Something hits you.
You are lethally poisoned!
The orc hits you with a +0 hand axe.
You hit the orc priest.
The orc priest is moderately wounded.
* * * LOW HITPOINT WARNING * * *
You feel very sick. Something hits you.
* * * LOW HITPOINT WARNING * * *
The orc priest hits you with a +0 mace.
* * * LOW HITPOINT WARNING * * *
The orc barely misses you.
You are confused.
You feel invigorated.
* * * LOW HITPOINT WARNING * * *
You feel sick. The orc priest hits you with a +0 mace.
Something hits you but does no damage. The orc hits you with a +0 hand axe.
* * * LOW HITPOINT WARNING * * *
You puncture the orc!
You kill the orc!
* * * LOW HITPOINT WARNING * * *
You feel very sick.
The orc priest calls down the wrath of Beogh upon you.
Beogh smites you!
You die...

##.# #.### ###..####...##
.........# . #......#
##......# #.......##
####........####
###...............
...#####@).##############
#......{o### # ........o#
##.#....># ######## ##
........# ###......###.
....#.#### #............
....#. ##.≈._.≈.##### ...
#. ###........# .. #.
##...#...########


You could see an orc priest and an orc.

Vanquished Creatures
  2 adders
  2 worms (D:2)
  2 dart slugs (D:2)
  2 orcs (D:3)
  10 ball pythons
  3 endoplasms (D:1)
  3 giant cockroaches
  3 goblins
  6 hobgoblins
  6 jackals
  A quokka (D:2)
  8 bats
  7 frilled lizards
  4 kobolds
  8 rats
67 creatures vanquished.

Vanquished Creatures (others)
  A giant cockroach (D:2)
1 creature vanquished.

Grand Total: 68 creatures vanquished

Notes
Turn   | Place    | Note
-------+----------+-------------------------------------------
     0 | D:1      | sircluck the Minotaur Fighter began the quest for the Orb.
     0 | D:1      | Reached XP level 1. HP: 19/19 MP: 0/0
   177 | D:1      | Reached XP level 2. HP: 27/27 MP: 1/1
   324 | D:1      | Found Quvol's Assorted Antiques.
  1021 | D:2      | Reached XP level 3. HP: 30/33 MP: 2/2
  1259 | D:2      | Reached skill level 1 in Polearms
  1268 | D:2      | Reached XP level 4. HP: 33/40 MP: 3/3
  1333 | D:2      | Found Vaadad's Antique Armour Emporium.
  1866 | D:3      | Reached skill level 1 in Dodging
  1961 | D:3      | Found a hide-covered altar of Uskayaw.
  2064 | D:3      | HP: 1/40 [orc/+0 hand axe (4)]
  2065 | D:3      | Killed from afar by an orc priest

Illustrated notes

Levels and vault maps discovered:
D:1:      tarquinn_simple_flora_water_b, layout_loops_ring, serial_shops,
          nicolae_shop_crystal
D:2:      layout_rooms, serial_shops, nicolae_shop_trees, minmay_close_crescents
D:3:      layout_rooms, mainiacjoe_overflow_tiny_flanked, corner_web_ring

Skill      XL: |  1  2  3  4 |
---------------+-------------+-----
Fighting       | 4 |  4.2
Armour         | 4 |  4.5
Long Blades    | 3 |  3.0
Polearms       | 1 |  1.5
Shields        | 4 |  4.1
Dodging        | 1 |  1.1

Action                     |  1- 3 |  4- 6 || total
---------------------------+-------+-------++-------
  Melee: Long sword        |    46 |       ||    46
         Headbutt          |    10 |     4 ||    14
         Trident           |    49 |    37 ||    86
  Throw: Boomerang         |       |     2 ||     2
    Use: Potion            |     2 |     2 ||     4
 Armour: Scale mail        |   117 |    31 ||   148
  Dodge: Dodged            |   112 |    31 ||   143
  Block: Buckler           |    48 |    21 ||    69

Table legend: (Time is in decaauts)
 A = Elapsed time spent in this place.
 B = Non-inter-level travel time spent in this place.
 C = Inter-level travel time spent in this place.
 D = Time resting spent in this place.
 E = Time spent auto-exploring this place.
 F = Levels seen in this place.
 G = Mean time per level.
                   A        B        C        D        E       F      G
               +--------+--------+--------+--------+--------+-----+--------+
         Total |   2103 |   2091 |     12 |      0 |    249 |   3 |  701.0 |
       Dungeon |   2103 |   2091 |     12 |      0 |    249 |   3 |  701.0 |
               +--------+--------+--------+--------+--------+-----+--------+

Top non-repeatable levels by time:
     D:1: 1028 daAuts
     D:2: 809 daAuts
     D:3: 265 daAuts
